 Dungeon Crawl Stone Soup version 0.32-a0-933-ga8fa3634e4 (webtiles) character file.

Game seed: 1010392975775015318

202398 jasper the Executioner (level 18, -2/161 HPs)
             Began as a Ghoul Gladiator on Apr 14, 2024.
             Was the Champion of Okawaru.
             Slain by a manticore (7 damage)
             ... on level 1 of the Shoals.
             The game lasted 00:54:10 (34128 turns).

jasper the Executioner (Ghoul Gladiator)           Turns: 34128, Time: 00:54:11

Health: -2/161     AC: 28    Str: 27      XL:     18   Next: 58%
Magic:  24/24      EV:  8    Int: 20      God:    Okawaru [******]
Gold:   1166       SH:  0    Dex:  9 (10) Spells: 9/17 levels left

rFire   + + .        b - +7 executioner's axe (vamp)
rCold   + + +        (shield currently unavailable)
rNeg    + + +        D - +3 plate armour of Meqoph {rF+}
rPois   ∞            j - +2 helmet {Int+3}
rElec   .            N - +0 cloak "Qehog" {rPois rF+ rC++ Dex-2}
rCorr   .            T - +2 pair of gloves "Mileygaxe" {Int+3}
SInv    .            u - +0 pair of boots
Will    .....        J - amulet "Rastan" {Faith Will- Str+3 Int+7}
Stlth   x              - +4 ring of slaying
HPRegen 0.00/turn    p - ring of flight
MPRegen 0.19/turn

%: faith
@: spiked, flying, inhibited regen, slowed, very slow
A: claws 1, cold resistance 1, negative energy resistance 3, inhibited
regeneration, torment resistance 2, devour on kill
}: 1/15 runes: gossamer
a: Renounce Religion, Heroism, Finesse, Duel


You were on level 1 of the Shoals.
You worshipped Okawaru.
Okawaru was exalted by your worship.
You visited 5 branches of the dungeon, and saw 27 of its levels.
You also visited: Volcano.

You collected 2979 gold pieces.
You spent 1813 gold pieces at shops.

Inventory:

Hand Weapons
 b - a +7 vampiric executioner's axe (weapon)
Missiles
 d - 2 throwing nets
 e - 19 javelins
 f - 13 boomerangs (quivered)
 i - 11 curare-tipped darts
 C - 19 silver javelins
 S - 9 darts of dispersal
Armour
 j - a +2 helmet of intelligence (worn)
 u - a +0 pair of boots (worn)
 D - the +3 plate armour of Meqoph (worn) {rF+}
   (Okawaru gifted it to you in a volcano)

   rF+:       It protects you from fire.
 N - the +0 cloak "Qehog" (worn) {rPois rF+ rC++ Dex-2}
   (You bought it in a shop on level 2 of the Orcish Mines)

   Dex-2:     It affects your dexterity (-2).
   rF+:       It protects you from fire.
   rC++:      It greatly protects you from cold.
   rPois:     It protects you from poison.
 T - the +2 pair of gloves "Mileygaxe" (worn) {Int+3}
   (You took it off Nikola on level 2 of the Spider Nest)

   Int+3:     It affects your intelligence (+3).
Jewellery
 a - a ring of resist corrosion
 p - a ring of flight (right hand)
 x - a +4 ring of slaying (left hand)
 y - a ring of willpower
 F - a ring of fire
 G - a ring of see invisible
 J - the amulet "Rastan" (around neck) {Faith Will- Str+3 Int+7}
   (You acquired it on level 9 of the Dungeon)

   [amulet of faith]

   Faith:     It allows you to gain divine favour quickly.
   Str+3:     It affects your strength (+3).
   Int+7:     It affects your intelligence (+7).
   Will-:     It decreases your willpower.
Wands
 c - a wand of quicksilver (16)
 h - a wand of digging (18)
 z - a wand of flame (71)
 I - a wand of roots (18)
 Q - a wand of polymorph (14)
Scrolls
 g - 6 scrolls of identify
 l - a scroll of enchant weapon
 n - 6 scrolls of teleportation
 q - 10 scrolls of amnesia
 t - 4 scrolls of revelation
 M - 2 scrolls of enchant armour
 O - 4 scrolls of vulnerability
 P - 7 scrolls of fog
 R - 2 scrolls of poison
 W - 5 scrolls of fear
 Z - a scroll of immolation
Potions
 k - 6 potions of might
 m - 3 potions of magic
 o - 2 potions of lignification
 r - 8 potions of berserk rage
 s - 5 potions of cancellation
 v - 18 potions of curing
 A - 3 potions of resistance
 B - 5 potions of ambrosia
 E - 4 potions of attraction
 L - 4 potions of invisibility
 U - 3 potions of brilliance
 V - 4 potions of haste
 X - 5 potions of enlightenment
 Y - 2 potions of heal wounds
Miscellaneous
 w - a condenser vane (inert)
 K - a lightning rod (2/4)


   Skills:
 * Level 14.5 Fighting
 - Level 24.0 Axes
 - Level 1.7 Throwing
 + Level 11.3 Armour
 + Level 5.4 Dodging
 - Level 8.0 Invocations


You had 9 spell levels left.
You knew the following spells:

 Your Spells              Type           Power      Damage    Failure   Level
a - Apportation           Tloc           0%         N/A       83%         1
b - Swiftness             Air            0%         N/A       99%         3
c - Vhi's Electric Charg  Tloc/Air       0%         N/A       100%        4

Your spell library contained the following spells:

 Spells                   Type           Power      Damage    Failure   Level
 Foxfire                  Conj/Fire      0%         2x1d4     83%         1
 Necrotise                Necr           0%         1d4       83%         1
 Sting                    Conj/Alch      0%         1d3       83%         1
 Ensorcelled Hibernation  Hex/Ice        0%         N/A       93%         2
 Jinxbite                 Hex            0%         N/A       93%         2
 Mercury Vapours          Alch/Air       0%         N/A       93%         2
 Dazzling Flash           Conj/Hex       0%         N/A       99%         3
 Inner Flame              Hex/Fire       0%         N/A       99%         3
 Mephitic Cloud           Conj/Alch/Air  0%         N/A       99%         3
 Passwall                 Erth           0%         N/A       99%         3
 Stone Arrow              Conj/Erth      0%         3d7       99%         3
 Teleport Other           Tloc           0%         N/A       99%         3
 Volatile Blastmotes      Fire/Tloc      0%         2d10      99%         3
 Anguish                  Hex/Necr       0%         N/A       100%        4
 Cause Fear               Hex            0%         N/A       100%        4
 Flame Wave               Conj/Fire      0%         2d4       100%        4
 Fulminant Prism          Conj/Alch      0%         3d5       100%        4
 Iskenderun's Mystic Bla Conj/Tloc 0%             2d3        (+2d1     100%        4
 Olgreb's Toxic Radiance  Alch           0%         N/A       100%        4
 Petrify                  Alch/Erth      0%         N/A       100%        4
 Sticky Flame             Fire/Alch      0%         2d4       100%        4
 Alistair's Intoxication  Alch           0%         N/A       100%        5
 Curse of Agony           Necr           0%         N/A       100%        5
 Irradiate                Conj/Alch      0%         3d11      100%        5
 Silence                  Hex/Air        0%         N/A       100%        5
 Bombard                  Conj/Erth      0%         9d1       100%        6
 Dispersal                Tloc           0%         N/A       100%        6
 Gell's Gavotte           Tloc           0%         2d(11-16) 100%        6
 Plasma Beam              Fire/Air       0%         2x1d10    100%        6
 Starburst                Conj/Fire      0%         6d3       100%        6
 Enfeeble                 Hex            0%         N/A       100%        7
 Ozocubu's Refrigeration  Ice            0%         4d7       100%        7
 Discord                  Hex            0%         N/A       100%        8
 Ignition                 Fire           0%         3d3       100%        8
 Summon Small Mammal      Summ           Unusable   N/A       N/A         1
 Call Imp                 Summ           Unusable   N/A       N/A         2
 Sublimation of Blood     Necr           Unusable   N/A       N/A         2
 Summon Hydra             Summ           Unusable   N/A       N/A         7

Dungeon Overview and Level Annotations

Branches:
Dungeon (15/15)            Temple (0/1) D:5            Lair (5/5) D:9
 Shoals (1/4) Lair:2       Spider (4/4) Lair:2        Slime (0/5) Lair:5
    Orc (2/2) D:9             Elf (0/3) Orc:2        Vaults (0/5) D:14
 Depths (0/4) D:15        Volcano (visited)

Altars:
Dithmenos
Okawaru
Qazlal
Ru
Trog
Uskayaw
Vehumet
Wu Jian
Yredelemnul
Jiyva

Shops:
D:1 ***(*   D:14 [   Orc:2 :![!   Shoals:1 !

Annotations:
Lair:5 exclusion: obsidian statue
Spider:1 2 transporters, exclusion: orange crystal statue


Innate Abilities, Weirdness & Mutations

You are immune to poison.
You have sharp fingernails.
Your flesh is cold resistant. (rC+)
You are immune to negative energy. (rN+++)
You do not regenerate when monsters are visible.
You are immune to unholy pain and torment.
You thrive by killing the living.


Message History

The volley of spikes skewers you.
Barbed spikes become lodged in your body.
* * * LOW HITPOINT WARNING * * *
The deep elf archer shoots an arrow.
The arrow hits you!
* * * LOW HITPOINT WARNING * * *
You take 18 damage, and have 29/161 hp.
Clouds condense from the air!
The condenser dries out!
The manticore is engulfed in noxious fumes.
The manticore flicks its tail.
The volley of spikes misses you.
Aiming: Thunderbolt
Press: ? - help, Shift-Dir - straight line, f - deep elf archer
Aim: a deep elf archer, wielding a +0 shortbow and wearing a +0 leather armour (repelling missiles)
The thunderbolt hits the deep elf archer!!
The deep elf archer is moderately wounded.
The deep elf archer shoots an arrow.
The arrow hits you!
* * * LOW HITPOINT WARNING * * *
You take 11 damage, and have 18/161 hp.
Aiming: Thunderbolt
Press: ? - help, Shift-Dir - straight line, f/p - deep elf archer
Aim: a deep elf archer, wielding a +0 shortbow and wearing a +0 leather armour (moderately wounded, repelling missiles)
The thunderbolt hits the deep elf archer!!
The deep elf archer is almost dead.
The deep elf archer gestures at you while chanting.
You feel as though you will be slow longer.
You carve the deep elf archer like a ham!!!
You kill the deep elf archer!
Okawaru accepts your kill. Okawaru grants you throwing weapons!
Something appears at your feet!
You hear a splash. x4
You slash the manticore!
You feel better. The manticore bites you!
* * * LOW HITPOINT WARNING * * *
The manticore claws you but does no damage. x2
You closely miss the manticore.
The manticore is moderately wounded.
The manticore bites you!
* * * LOW HITPOINT WARNING * * *
The manticore closely misses you. The manticore claws you!
You die...

≈~~~~~~.....## ##.....[.$≈≈≈≈≈≈≈≈
≈≈≈~~~~~.....###..~.~~~~)≈≈≈≈≈≈≈≈
≈≈≈≈~~~~.....##....~~~~~))≈≈≈≈≈≈≈
≈≈≈≈≈~~~....###!..~~)~~~≈≈≈≈≈≈≈≈≈
≈≈≈≈≈~~~...###...!~§~~≈≈≈≈≈≈≈≈≈≈≈
≈≈≈≈≈≈~~~.####....§§≈~≈≈≈≈≈≈≈≈###
≈≈≈≈≈≈≈~~~# #......~≈≈≈≈≈≈≈≈≈≈#
≈≈≈≈≈≈≈≈)###.~~)~?~≈≈≈≈≈≈≈≈≈≈#
≈≈≈≈≈≈≈≈≈≈~##~)^@H≈~≈§§≈≈≈≈~...#
≈≈≈≈≈≈≈≈≈≈≈####~≈~≈≈§§§≈≈≈≈≈...#
≈≈≈≈≈≈≈≈≈≈≈≈# #.~≈≈≈≈≈○≈≈≈.~....
≈≈≈≈≈≈≈≈≈≈≈≈###~~≈≈≈≈≈≈≈≈..~
~~~~≈≈≈≈≈≈≈≈≈####≈≈≈≈≈≈≈≈.~~
~~~~~~~≈≈≈≈≈≈≈# #≈≈≈≈≈≈~~~~~
~~..~~~≈≈≈≈≈≈≈# #≈≈≈≈≈~~~~~~
......~~~≈≈≈≈≈###≈≈≈≈~~~~~~~
........~~~≈≈≈≈≈≈≈≈~~~≈≈≈~~~


You could see a manticore.

Vanquished Creatures
  Nikola (Spider:2)
  Arachne (Spider:4)
  Rupert (Lair:4)
  Jorgrun (Orc:2)
  Mlioglotl (Spider:2)
  Frances (D:14)
  A kraken (Shoals:1)
  Roxanne (Spider:1)
  A frost giant (D:15)
  Louise (Spider:2)
  The ghost of BubbleThief the Fighter, a journeyman NaAl of Cheibriados (Lair:5)
  5 emperor scorpions
  2 ghost moths (Spider:4)
  An orc warlord (Orc:2)
  4 dire elephants (Lair:5)
  2 spark wasps
  Snorg (Lair:4)
  Josephine (Orc:2)
  6 entropy weavers
  An ice dragon (Lair:5)
  6 ogre magi
  A catoblepas (Lair:3)
  Erica (Lair:1)
  A merfolk avatar (Shoals:1)
  A jorogumo (Spider:4)
  6 radroaches
  2 death knights
  23 two-headed ogres
  6 boulder beetles
  6 centaur warriors
  5 demonic crawlers
  2 orc high priests
  An occultist (D:15)
  6 tengu warriors
  A deep elf knight (Orc:2)
  A hell knight (Volcano)
  9 death yaks (Lair:5)
  7 skeletal warriors
  The ghost of dirtblock2017 the Covered, a novice MDFi of Okawaru (D:9)
  2 deep elf archers (Shoals:1)
  4 pharaoh ants
  A spectral anaconda (Lair:5)
  2 skysharks
  2 deep trolls (Orc:2)
  4 orb spiders
  The ghost of nobo the Chopper, a novice MDRe (D:6)
  An arcanist (D:12)
  3 sun moths
  10 deep elf pyromancers
  4 steelbarb worms
  3 deep elf zephyrmancers
  3 necromancers (Lair:5)
  2 orc knights
  10 manticores
  18 wolf spiders
  3 orc sorcerers
  3 moths of wrath
  8 cyclopes
  7 ugly things
  11 meliai
  9 elephants (Lair:5)
  A dire elephant zombie (Lair:5)
  2 kobold blastminers
  13 cane toads
  3 black mambas
  2 gargoyles
  A cane toad (shapeshifter) (D:15)
  2 molten gargoyles (Volcano)
  4 torpor snails
  3 kobold demonologists
  An unseen horror (D:12)
  6 rime drakes
  A dire elephant skeleton (Lair:5)
  4 centaur skeletons
  A rime drake (shapeshifter) (D:10)
  Psyche (D:8)
  5 yaktaurs (D:14)
  An unseen horror zombie (D:9)
  12 komodo dragons
  2 tengu conjurers (D:15)
  2 efreet (D:14)
  2 polar bears
  33 tarantellas
  A wind drake (Shoals:1)
  4 merfolk (Shoals:1)
  18 jumping spiders
  13 trolls
  35 blink frogs
  2 hornets
  6 dream sheep (Lair:1)
  A slime creature (D:14)
  A snapping turtle (Shoals:1)
  21 culicivoras
  Sigmund (D:2)
  4 shadows
  2 centaur simulacra (D:14)
  A yak (shapeshifter) (D:15)
  4 wraiths
  5 wyverns
  2 wargs
  22 yaks
  10 basilisks
  A water elemental (D:13)
  2 fire elementals (D:13)
  5 fire bats
  3 death yak simulacra (Lair:5)
  49 redbacks
  7 vampire mosquitoes
  A catoblepas simulacrum (Lair:5)
  A spectral cane toad (Lair:5)
  2 acid dragons
  19 water moccasins
  A hell hound (D:13)
  2 hydra simulacra (Lair:5)
  2 sky beasts
  A boulder beetle simulacrum (Lair:5)
  3 ice beasts
  2 laughing skulls
  18 orc warriors
  A black bear (D:9)
  2 elephant skeletons (Lair:5)
  27 ogres
  3 elephant zombies (Lair:5)
  24 wolves
  13 centaurs
  13 kobold brigands
  12 bullfrogs
  A gnoll sergeant (D:5)
  A scorpion (D:5)
  3 cane toad simulacra (Lair:5)
  13 wights
  7 killer bees
  A dream sheep simulacrum (Lair:5)
  11 electric eels
  3 centaur zombies
  6 howler monkeys
  8 lava snakes
  4 hounds
  10 orc priests
  3 jellies
  A gnoll bouda (D:8)
  An iguana (D:5)
  32 orc wizards
  A hell rat (D:9)
  A boggart skeleton (D:14)
  A killer bee zombie (D:9)
  A spectral howler monkey (D:6)
  5 howler monkey zombies (D:9)
  Robin (D:3)
  A howler monkey skeleton (D:6)
  8 gnolls
  4 adders
  A white imp (D:8)
  7 dart slugs
  2 ribbon worms
  60 orcs
  4 ball pythons
  4 bats
  2 giant cockroaches
  9 goblins
  10 hobgoblins
  13 jackals
  6 quokkas
  3 frilled lizards
  17 kobolds
  4 rats
  A butterfly (Lair:3)
  3 tentacles (Shoals:1)
974 creatures vanquished.

Vanquished Creatures (others)
  A deep elf demonologist (Shoals:1)
  A deep elf pyromancer (Shoals:1)
  3 tentacles (Shoals:1)
5 creatures vanquished.

Grand Total: 979 creatures vanquished

Notes
Turn   | Place    | Note
-------+----------+-------------------------------------------
     0 | D:1      | jasper the Ghoul Gladiator began the quest for the Orb.
     0 | D:1      | Reached XP level 1. HP: 17/17 MP: 1/1
    40 | D:1      | Reached skill level 3 in Axes
    50 | D:1      | Reached XP level 2. HP: 24/24 MP: 2/2
   138 | D:1      | Found Yniwun's Weapon Emporium.
   138 | D:1      | Noticed a +0 executioner's axe
   138 | D:1      | Noticed a +0 triple crossbow
   309 | D:1      | Reached XP level 3. HP: 29/29 MP: 3/3
   332 | D:1      | Found Rekeel's Assorted Antiques.
   564 | D:1      | Found Bolabb's General Store.
   573 | D:1      | Bought a scroll of identify for 22 gold pieces
   574 | D:1      | Found Doonwysm's General Store.
   757 | D:1      | Found Zutsetah's Assorted Antiques.
   915 | D:2      | Reached skill level 4 in Axes
   995 | D:2      | Reached XP level 4. HP: 36/36 MP: 4/4
  1143 | D:2      | Noticed Sigmund
  1885 | D:3      | Noticed Robin
  1895 | D:3      | Reached skill level 5 in Axes
  1901 | D:3      | Reached XP level 5. HP: 38/41 MP: 5/5
  1904 | D:3      | Killed Robin
  2113 | D:3      | Found an iron altar of Okawaru.
  2171 | D:3      | Became a worshipper of Warmaster Okawaru
  2708 | D:4      | Noticed a centaur
  2712 | D:4      | Killed a centaur
  2713 | D:4      | Reached skill level 6 in Axes
  2713 | D:4      | Reached XP level 6. HP: 48/48 MP: 6/6
  3317 | D:2      | Killed Sigmund
  3318 | D:2      | Reached skill level 7 in Axes
  3318 | D:2      | Reached XP level 7. HP: 45/55 MP: 7/7
  3357 | D:2      | Reached * piety under Okawaru
  3443 | D:1      | Bought a scroll labelled XITOMM YNAF for 26 gold pieces
  4051 | D:5      | Entered Level 5 of the Dungeon
  4630 | D:5      | Reached skill level 8 in Axes
  4789 | D:5      | Reached XP level 8. HP: 61/61 MP: 8/8
  4979 | D:5      | Found a staircase to the Ecumenical Temple.
  5272 | D:6      | Reached ** piety under Okawaru
  5273 | D:6      | Reached skill level 9 in Axes
  5911 | D:6      | Found a runed translucent gate.
  5911 | D:6      | Found a runed translucent gate.
  5911 | D:6      | Found a runed translucent gate.
  5912 | D:6      | Noticed nobo's ghost (novice MDRe)
  6628 | D:7      | Reached skill level 10 in Axes
  6716 | D:7      | Noticed a skeletal warrior
  6775 | D:7      | Found a bloodstained altar of Trog.
  6895 | D:8      | Reached XP level 9. HP: 64/67 MP: 9/9
  6982 | D:8      | Reached skill level 11 in Axes
  6982 | D:8      | Reached skill level 1 in Invocations
  7257 | D:8      | Reached *** piety under Okawaru
  7379 | D:8      | Found a runed translucent gate.
  7379 | D:8      | Found a runed translucent gate.
  7379 | D:8      | Found a runed translucent gate.
  7379 | D:8      | Noticed dirtblock2017's ghost (novice MDFi)
  7379 | D:8      | Noticed a kobold demonologist
  7489 | D:8      | Noticed Psyche
  7502 | D:8      | Killed Psyche
  7503 | D:8      | Reached skill level 5 in Invocations
  8199 | D:9      | Found a staircase to the Orcish Mines.
  8432 | D:9      | Reached **** piety under Okawaru
  8433 | D:9      | Reached XP level 10. HP: 62/74 MP: 14/16
  8439 | D:9      | Reached skill level 1 in Armour
  8726 | D:9      | Found a staircase to the Lair.
  8741 | D:9      | Identified a scroll of acquirement
  8741 | D:9      | Acquired the amulet "Rastan" {Faith Will- Str+3 Int+7}
  8921 | D:9      | Reached ***** piety under Okawaru
  9186 | D:9      | Found a basalt altar of Yredelemnul.
  9321 | D:9      | Found a radiant altar of Vehumet.
  9321 | D:9      | Found a sacrificial altar of Ru.
  9327 | D:9      | Found a stormy altar of Qazlal.
  9450 | Orc:1    | Entered Level 1 of the Orcish Mines
  9547 | Orc:1    | Reached skill level 12 in Axes
  9716 | Orc:1    | Noticed an orc sorcerer
  9716 | Orc:1    | Noticed an orc high priest
  9719 | Orc:1    | Noticed a soul eater
  9785 | Lair:1   | Entered Level 1 of the Lair of Beasts
 10031 | D:10     | Entered Level 10 of the Dungeon
 10054 | D:10     | Noticed a centaur warrior
 10054 | D:10     | Noticed a red ugly thing
 10064 | D:10     | Reached skill level 5 in Fighting
 10070 | D:10     | Killed a red ugly thing
 10070 | D:10     | Received a gift from Okawaru
 10075 | D:10     | Noticed a two-headed ogre
 10078 | D:10     | HP: 3/81 [two-headed ogre/+0 giant spiked club (20)]
 10079 | D:10     | HP: 1/81 [two-headed ogre/+0 giant spiked club (26)]
 10080 | D:10     | Killed a centaur warrior
 10081 | D:10     | Reached XP level 11. HP: 9/88 MP: 12/17
 10082 | D:10     | Killed a two-headed ogre
 10085 | D:10     | Noticed a death knight
 10087 | D:10     | HP: 3/89 [death knight/+0 great sword (14)]
 10424 | D:9      | Killed dirtblock2017's ghost
 10627 | D:7      | Killed a skeletal warrior
 10627 | D:7      | Received a gift from Okawaru
 10628 | D:7      | Reached skill level 13 in Axes
 10628 | D:7      | Reached skill level 5 in Armour
 10853 | D:7      | Noticed a skeletal warrior
 10853 | D:7      | Noticed a skeletal warrior
 10853 | D:7      | Noticed a skeletal warrior
 10853 | D:7      | Noticed a skeletal warrior
 11500 | D:10     | Killed a death knight
 11848 | D:10     | Noticed an ogre mage
 11857 | D:10     | Killed an ogre mage
 12262 | D:11     | Noticed a cyclops
 12268 | D:11     | Killed a cyclops
 12268 | D:11     | Received a gift from Okawaru
 12455 | D:11     | Reached XP level 12. HP: 72/100 MP: 18/18
 12916 | D:11     | Reached skill level 14 in Axes
 13458 | Lair:1   | Received a gift from Okawaru
 13915 | Lair:1   | Received a gift from Okawaru
 13997 | Lair:1   | Reached skill level 15 in Axes
 14134 | Lair:1   | Noticed Erica
 14143 | Lair:1   | Killed Erica
 14735 | Lair:2   | Reached XP level 13. HP: 104/111 MP: 19/19
 14804 | Lair:2   | Received a gift from Okawaru
 15110 | Lair:2   | Found a hole to the Spider Nest.
 15208 | Lair:2   | Reached skill level 16 in Axes
 15210 | Lair:2   | HP: 5/111 [culicivora (10)]
 15457 | Lair:2   | Found a staircase to the Shoals.
 15864 | Lair:3   | Received a gift from Okawaru
 16531 | Lair:3   | Reached skill level 10 in Fighting
 16839 | Lair:3   | Received a gift from Okawaru
 17444 | Lair:4   | Found a hide-covered altar of Uskayaw.
 17445 | Lair:4   | Found an ornate altar of the Wu Jian Council.
 17628 | Lair:4   | Received a gift from Okawaru
 17663 | Lair:4   | Noticed Snorg
 17671 | Lair:4   | Killed Snorg
 17756 | Lair:4   | Noticed Rupert
 17776 | Lair:4   | Killed Rupert
 17777 | Lair:4   | Reached skill level 5 in Dodging
 17859 | Lair:4   | Reached XP level 14. HP: 98/125 MP: 20/20
 18687 | Lair:5   | Entered Level 5 of the Lair of Beasts
 18714 | Lair:5   | Found a staircase to the Slime Pits.
 18714 | Lair:5   | Found a viscous altar of Jiyva.
 18735 | Lair:5   | Found a runed translucent gate.
 18735 | Lair:5   | Found a runed translucent gate.
 18735 | Lair:5   | Found a runed translucent gate.
 18823 | Lair:5   | Reached skill level 17 in Axes
 18837 | Lair:5   | Received a gift from Okawaru
 19211 | Lair:5   | Noticed a dire elephant
 19211 | Lair:5   | Noticed a dire elephant
 19212 | Lair:5   | Noticed a dire elephant
 19212 | Lair:5   | Noticed a dire elephant
 19227 | Lair:5   | Killed a dire elephant
 19434 | Orc:1    | Received a gift from Okawaru
 19542 | Orc:1    | Reached skill level 18 in Axes
 19955 | Orc:2    | Entered Level 2 of the Orcish Mines
 19985 | Orc:2    | Identified the +5 scimitar of the Beginning {freeze, Fly
                  | rC+++ Will- SInv}
 19986 | Orc:2    | Noticed an orc warlord
 20003 | Orc:2    | Killed an orc warlord
 20014 | Orc:2    | Received a gift from Okawaru
 20026 | Orc:2    | Found a staircase to the Elven Halls.
 20039 | Orc:2    | Noticed Josephine
 20046 | Orc:2    | Reached XP level 15. HP: 121/132 MP: 19/21
 20058 | Orc:2    | Killed Josephine
 20110 | Orc:2    | Found a dark tunnel.
 20117 | Volcano  | Entered a volcano
 20379 | Volcano  | Found a burning altar of Makhleb.
 20403 | Volcano  | Reached skill level 19 in Axes
 20489 | Volcano  | Reached ****** piety under Okawaru
 20489 | Volcano  | Received a gift from Okawaru
 20496 | Volcano  | Acquired a +2 vampiric broad axe
 20496 | Volcano  | Received a gift from Okawaru
 20498 | Volcano  | Acquired the +3 plate armour of Meqoph {rF+}
 20498 | Volcano  | Received a gift from Okawaru
 21127 | Orc:2    | Noticed Jorgrun
 21128 | Orc:2    | Found Annahec's Book Shoppe.
 21132 | Orc:2    | Found Ybboobby's Distillery.
 21140 | Orc:2    | Killed Jorgrun
 21140 | Orc:2    | Received a gift from Okawaru
 21149 | Orc:2    | HP: 4/132 [two-headed ogre/+0 giant club (4)]
 21163 | Orc:2    | Reached skill level 20 in Axes
 21167 | Orc:2    | Found Zutukh's Armour Shop.
 21170 | Orc:2    | Received a gift from Okawaru
 21207 | Orc:2    | Found Jynask's Distillery.
 21210 | Orc:2    | Bought the +0 cloak "Qehog" {rPois rF+ rC++ Dex-2} for 504
                  | gold pieces
 21230 | Orc:2    | Bought a potion of resistance for 180 gold pieces
 21230 | Orc:2    | Bought a potion of curing for 54 gold pieces
 21230 | Orc:2    | Bought a potion of ambrosia for 144 gold pieces
 21230 | Orc:2    | Bought a potion of might for 72 gold pieces
 21230 | Orc:2    | Bought a potion of haste for 180 gold pieces
 21230 | Orc:2    | Bought a potion of enlightenment for 90 gold pieces
 21240 | Orc:2    | Bought a potion of curing for 48 gold pieces
 21240 | Orc:2    | Bought a potion of might for 64 gold pieces
 21240 | Orc:2    | Bought a potion of might for 64 gold pieces
 21240 | Orc:2    | Bought a potion of heal wounds for 80 gold pieces
 21553 | Lair:5   | Noticed BubbleThief's ghost (journeyman NaAl)
 21614 | Lair:5   | Killed BubbleThief's ghost
 21681 | Lair:5   | Got the ring of the Howling Scavenger {Fire Str+3 Dex+2}
 22086 | Lair:5   | Received a gift from Okawaru
 22643 | D:12     | Reached XP level 16. HP: 117/139 MP: 22/22
 23259 | D:13     | Received a gift from Okawaru
 23581 | D:13     | You fall into a shaft and drop 2 floors!
 23581 | D:15     | Entered Level 15 of the Dungeon
 23787 | D:15     | Received a gift from Okawaru
 23894 | D:15     | Found a staircase to the Depths.
 23902 | D:15     | Reached skill level 21 in Axes
 24258 | D:14     | Noticed Frances
 24273 | D:14     | Killed Frances
 24273 | D:14     | Received a gift from Okawaru
 24690 | D:14     | Found a gate to the Vaults.
 24954 | D:14     | Found a shadowy altar of Dithmenos.
 24989 | D:14     | Reached skill level 10 in Armour
 24994 | D:14     | Received a gift from Okawaru
 25186 | D:14     | Received a gift from Okawaru
 25333 | D:14     | Got the Vademecum on Septic Topography
 25416 | D:14     | Found Sewuerr's Antique Armour Boutique.
 26037 | D:13     | Reached XP level 17. HP: 150/150 MP: 23/23
 26148 | D:13     | Identified the ring "Mecrot" {Will- EV+5 Dex+8}
 26735 | D:6      | Killed nobo's ghost
 26874 | Spider:1 | Entered Level 1 of the Spider Nest
 26889 | Spider:1 | Found a transporter.
 26889 | Spider:1 | Found a transporter.
 27329 | Spider:1 | Noticed Roxanne
 27342 | Spider:1 | Killed Roxanne
 27342 | Spider:1 | Received a gift from Okawaru
 27887 | Spider:2 | Identified the +2 pair of gloves "Mileygaxe" {Int+3}
 27887 | Spider:2 | Noticed Nikola
 27890 | Spider:2 | Noticed Louise
 27902 | Spider:2 | Killed Louise
 27910 | Spider:2 | Killed Nikola
 27910 | Spider:2 | Received a gift from Okawaru
 27911 | Spider:2 | Reached skill level 22 in Axes
 27928 | Spider:2 | Noticed Mlioglotl
 27943 | Spider:2 | Killed Mlioglotl
 28542 | Spider:2 | Received a gift from Okawaru
 28882 | Spider:2 | Found a hide-covered altar of Uskayaw.
 29764 | Spider:3 | Received a gift from Okawaru
 30612 | Spider:3 | Learned a level 1 spell: Apportation
 30621 | Spider:3 | Learned a level 3 spell: Swiftness
 30626 | Spider:3 | Learned a level 4 spell: Vhi's Electric Charge
 30881 | Spider:4 | Entered Level 4 of the Spider Nest
 30984 | Spider:4 | Received a gift from Okawaru
 31089 | Spider:4 | Reached skill level 23 in Axes
 31094 | Spider:4 | Reached XP level 18. HP: 130/160 MP: 24/24
 31681 | Spider:4 | Identified the +1 lajatang "Bethir" {elec, rElec rF+ Str-2
                  | Int+2}
 31695 | Spider:4 | Received a gift from Okawaru
 33033 | Spider:4 | Noticed Arachne
 33076 | Spider:4 | Killed Arachne
 33172 | Spider:4 | Got a gossamer rune of Zot
 33174 | Spider:4 | Identified the +0 hat of Dull Freedom {Rampage rC++}
 33499 | Shoals:1 | Entered Level 1 of the Shoals
 33907 | Shoals:1 | Found Lidacede's Distillery.
 33915 | Shoals:1 | Bought a potion of heal wounds for 75 gold pieces
 33915 | Shoals:1 | Bought a potion of might for 60 gold pieces
 33915 | Shoals:1 | Bought 2 potions of enlightenment for 150 gold pieces
 33941 | Shoals:1 | Reached skill level 24 in Axes
 34078 | Shoals:1 | Noticed an Ice Fiend
 34127 | Shoals:1 | Received a gift from Okawaru
 34128 | Shoals:1 | HP: 5/161 [manticore (14)]
 34128 | Shoals:1 | Slain by a manticore

Illustrated notes

Levels and vault maps discovered:
D:1:      eino_arrival_tree_alley, layout_basic, serial_shops, shop, shop, shop,
          nicolae_shop_mannequins, shop_fountains, minmay_crystal_room
D:2:      layout_loops_cross, uniq_sigmund
D:3:      layout_loops_cross, lemuel_coloured_pillars_altar, uniq_robin
D:4:      layout_basic, nicolae_letterblocks [nicolae_letter_subblock,
          nicolae_letter_subblock, nicolae_letter_subblock,
          nicolae_letter_subblock, nicolae_letter_subblock,
          nicolae_letter_subblock, nicolae_letter_subblock,
          nicolae_letter_subblock, nicolae_letter_subblock,
          nicolae_letter_subblock, nicolae_letter_subblock,
          nicolae_letter_subblock, nicolae_letter_subblock,
          nicolae_letter_subblock, nicolae_letter_subblock,
          nicolae_letter_subblock, nicolae_letter_subblock,
          nicolae_letter_subblock, nicolae_letter_subblock,
          nicolae_letter_subblock, nicolae_letter_subblock,
          nicolae_letter_subblock, nicolae_letter_subblock,
          nicolae_letter_subblock, nicolae_letter_subblock]
D:5:      layout_loops_corners, minmay_temple_entry_fiery,
          minmay_misc_feat_plants, kennysheep_generic_room_10
D:6:      layout_layer_cave, gammafunk_ghost_necromancy
D:7:      layout_gridville, trog_three_pillars_becter, item_on_display_a
D:8:      layout_cave_pools, gammafunk_ghost_nasty_kobolds, uniq_psyche
D:9:      layout_loops_ring, nicolae_yredelemnul_corpse_copse, minitemple,
          dpeg_lair_monsters, orc_0_dummy, kennysheep_small_square
D:10:     layout_basic, minivault_4, nicolae_doodle_vault
D:11:     layout_irregular_city
D:12:     layout_cave_pools, kennysheep_generic_room_12
D:13:     layout_basic, solitary_fountain, hangedman_incinerator
D:14:     minmay_the_grid_octo_tiled_squarecenter_mashed
          [minmay_the_grid_octo_toaster, minmay_the_grid_octo_tetromino_candy,
          minmay_the_grid_octo_fat_diamond, minmay_the_grid_octo_pinwheel,
          minmay_the_grid_square_5x5_megaprize_hollow,
          minmay_the_grid_square_5x5_v, minmay_the_grid_square_5x5_bracketed,
          minmay_the_grid_square_5x5_eight, minmay_the_grid_square_5x5_slash],
          layout_loops_ring, hangedman_vaults_entry_quadrant_bands,
          serial_shops, nicolae_shop_just_a_little_nook, zin_angel,
          minmay_splitting_lines, nicolae_dithmenos_shadow_blocks, uniq_frances
D:15:     grunt_enter_depths_snipers, layout_cave_pools
Lair:1:   layout_gridlike, uniq_erica
Lair:2:   layout_gridlike, shoals_dummy_entry,
          hellmonk_spider_entry_life_and_decay, grunt_megastairs_4
Lair:3:   layout_roguey, beast_lair_carwin_6, lemuel_fruit_fields
Lair:4:   layout_small_grid, basic_altar, nzn_masters_of_martial_movement,
          serial_bayou_shore_b, lemuel_fruit_tree, uniq_rupert, uniq_snorg
Lair:5:   due_jungle_book, layout_gridlike, slime_entry_1, gammafunk_ghost_icy,
          lemuel_old_faithful
Shoals:1: nicolae_shoals_deep_elves_summer_vacation, layout_shoals,
          serial_shops, nicolae_square_shop
Spider:1: gammafunk_sealed_arena, uniq_roxanne
Spider:2: layout_spider_delve, nicolae_spider_altar_of_dancing, uniq_louise,
          uniq_nikola, uniq_mlioglotl
Spider:3: layout_chambers
Spider:4: grunt_spider_rune_parallel, drop_trap, uniq_arachne
Orc:1:    layout_diamond_mine, nicolae_orc_tapped_out
Orc:2:    st_orc_open, layout_diamond_mine, enter_volcano_4, elf_legates,
          uniq_jorgrun, uniq_josephine

Skill      XL: |  1  2  3  4  5  6  7  8  9 10 11 12 13 14 15 16 17 18 |
---------------+-------------------------------------------------------+-----
Axes           | 3 4 5 6 7 8 10 11 12 13 15 16 18 20 21 23 24 | 24.0
Invocations    | 8 |  8.0
Armour         | 4 5 7 8 10 11 | 11.3
Fighting       | 5 7 9 11 12 13 14 | 14.5
Dodging        | 5 |  5.4
Throwing       | |  1.7

Action                     |  1- 3 |  4- 6 |  7- 9 | 10-12 | 13-15 | 16-18 || total
---------------------------+-------+-------+-------+-------+-------+-------++-------
  Melee: War axe           |    90 |   119 |   289 |   392 |   246 |       ||  1136
         Executioner's axe |       |       |       |       |   520 |   954 ||  1474
  Throw: Throwing net      |       |       |     3 |       |       |       ||     3
         Javelin           |       |       |     1 |       |       |       ||     1
         Dart              |       |       |       |     8 |       |       ||     8
         Boomerang         |       |       |       |       |       |    33 ||    33
 Invoke: Heroism           |       |       |     1 |     2 |    10 |     1 ||    14
         Finesse           |       |       |       |     5 |    12 |     2 ||    19
         Receive Weapon    |       |       |       |       |     1 |       ||     1
         Receive Armour    |       |       |       |       |     1 |       ||     1
  Evoke: Wand              |       |       |       |     7 |       |     3 ||    10
         Condenser vane    |       |       |       |       |       |     2 ||     2
         Lightning rod     |       |       |       |       |       |     2 ||     2
    Use: Scroll            |     5 |     6 |     7 |    10 |     5 |    10 ||    43
         Potion            |       |     3 |     1 |     2 |     1 |     5 ||    12
   Stab: Held in net/web   |       |       |     1 |       |       |       ||     1
         Distracted        |       |       |       |       |       |     1 ||     1
 Armour: Leather armour    |    80 |    66 |       |       |       |       ||   146
         Scale mail        |       |    36 |   179 |       |       |       ||   215
         Plate armour      |       |       |    71 |   441 |   963 |  1442 ||  2917
  Dodge: Dodged            |    98 |    66 |   108 |   135 |   309 |   581 ||  1297
  Block: Buckler           |       |       |       |    32 |    15 |       ||    47

Table legend: (Time is in decaauts)
 A = Elapsed time spent in this place.
 B = Non-inter-level travel time spent in this place.
 C = Inter-level travel time spent in this place.
 D = Time resting spent in this place.
 E = Time spent auto-exploring this place.
 F = Levels seen in this place.
 G = Mean time per level.
                   A        B        C        D        E       F      G
               +--------+--------+--------+--------+--------+-----+--------+
         Total |  33778 |  31563 |   2215 |   5086 |  19661 |  28 | 1206.4 |
       Dungeon |  17531 |  16148 |   1383 |   2234 |  10660 |  15 | 1168.7 |
          Lair |   6833 |   6314 |    519 |    838 |   4232 |   5 | 1366.6 |
        Shoals |    638 |    638 |      0 |      0 |    156 |   1 |  638.0 |
   Spider Nest |   6488 |   6226 |    262 |   1716 |   3356 |   4 | 1622.0 |
  Orcish Mines |   1603 |   1553 |     50 |     40 |   1086 |   2 |  801.5 |
       Volcano |    683 |    683 |      0 |    257 |    170 |   1 |  683.0 |
               +--------+--------+--------+--------+--------+-----+--------+

Top non-repeatable levels by time:
     D:9: 2562 daAuts
Spider:4: 2446 daAuts
Spider:3: 1939 daAuts
  Lair:3: 1606 daAuts
     D:6: 1486 daAuts
    D:10: 1415 daAuts
    D:14: 1415 daAuts
  Lair:5: 1401 daAuts
     D:8: 1362 daAuts
  Lair:2: 1339 daAuts
     D:3: 1300 daAuts
  Lair:4: 1300 daAuts
  Lair:1: 1185 daAuts
     D:5: 1146 daAuts
Spider:2: 1082 daAuts
